 Dungeon Crawl Stone Soup version 0.22-a0-77-g0fd0111 (webtiles) character file.

244 oplop the Chiller (level 6, 0/39 HPs)
             Began as an Octopode Ice Elementalist on Jan 14, 2018.
             Slain by a mummy (17 damage)
             ... on level 4 of the Dungeon.
             The game lasted 00:06:17 (3455 turns).

oplop the Chiller (Octopode Ice Elementalist)       Turns: 3455, Time: 00:06:18

Health: 0/39       AC:  1    Str:  7    XL:     6   Next: 10%
Magic:  9/11       EV: 14    Int: 18    God:
Gold:   156        SH:  0    Dex: 14    Spells: 8/12 levels left

rFire    . . .     SeeInvis .   k - +0 dagger
rCold    . . .     Gourm    .   (no shield)
rNeg     + . .     Faith    .   (helmet restricted)
rPois    .         Spirit   .   (no amulet)
rElec    .         Reflect  .   j - ring of positive energy
rCorr    .         Harm     .   (no ring)
MR       .....                  (no ring)
Stlth    +++.......             (no ring)
HPRegen  0.13/turn              (no ring)
MPRegen  0.12/turn              (no ring)
                                (no ring)
                                (no ring)

@: very slightly contaminated, drained
A: almost no armour, stealthy swim, amphibious, 8 rings, constrict 8, camouflage
1, gelatinous body 1
a: no special abilities


You were on level 4 of the Dungeon.
You were not hungry.

You visited 1 branch of the dungeon, and saw 4 of its levels.

You collected 156 gold pieces.

Inventory:

Hand Weapons
 k - a +0 dagger (weapon)
Jewellery
 j - a ring of positive energy (left tentacle)
Wands
 g - a wand of flame (12)
Scrolls
 c - 3 scrolls of teleportation {unknown}
 d - a scroll of remove curse {unknown}
 e - 2 scrolls of enchant armour {unknown}
 f - a scroll of noise {unknown}
 h - 3 scrolls of identify {unknown}
 l - a scroll of blinking {unknown}
Potions
 m - a potion of lignification
 n - a potion of brilliance {unknown}
 o - a potion of degeneration {unknown}
Books
 a - a book of Frost

   Spells                             Type                      Level
   a - Freeze                         Ice                          1
   b - Throw Frost                    Conjuration/Ice              2
   c - Ozocubu's Armour               Charms/Ice                   3
   d - Throw Icicle                   Conjuration/Ice              4
   e - Summon Ice Beast               Ice/Summoning                4
Comestibles
 b - 4 rations


   Skills:
 + Level 1.8(1.2) Fighting
 + Level 3.0(2.3) Dodging
 - Level 2.6(1.9) Stealth
 * Level 3.6(2.9) Spellcasting
   Level 1.0(0.3) Conjurations
 * Level 4.6(3.8) Ice Magic


You had 8 spell levels left.
You knew the following spells:

 Your Spells              Type           Power        Failure   Level  Hunger
a - Freeze                Ice            ###.         3%          1    None
b - Ozocubu's Armour      Chrm/Ice       #.......     22%         3    ###....


Dungeon Overview and Level Annotations

Branches:
Dungeon (4/15)
 Temple: D:4-7

Altars:
Qazlal

Annotations:
D:3 Pawles22's ghost, amateur GnSk
D:4 Eustachio; Natasha


Innate Abilities, Weirdness & Mutations

You cannot wear most types of armour.
You are very stealthy in the water. (Stealth+)
You are amphibious.
You can wear up to eight rings at the same time.
You can use your tentacles to constrict eight enemies at once.
Your skin changes colour to match your surroundings (Stealth+).
Your rubbery body absorbs attacks. (AC +1, EV +1)


Message History

The mummy is moderately damaged.
You constrict the mummy, but do no damage.
The mummy barely misses you.
Unknown command.
You hit the mummy but do no damage.
The mummy is moderately damaged.
You constrict the mummy, but do no damage.
You hit the mummy but do no damage.
The mummy is moderately damaged.
You constrict the mummy. The mummy hits you.
You hit the mummy but do no damage.
The mummy is heavily damaged.
You constrict the mummy. You hit the mummy but do no damage.
The mummy is heavily damaged.
You constrict the mummy. The mummy hits you!
You hit the mummy but do no damage.
The mummy is heavily damaged.
You constrict the mummy. The mummy hits you!
You die...

.. .....# ... .....#
.. ..... ......
#.......# #....
##...=.#..###..#
...?...##..#...###..
.....#.###........(.
.......#^##....#####
.......#.@##...#
#.'^.M##..#
#)#.(##..##
#.#.##..## #.###..##
#.##..## #.#..##
#...## #####


You could see a mummy.

Vanquished Creatures
  Blork the orc (D:4)
  A bullfrog skeleton (D:4)
  An orc wizard (D:3)
  2 adders (D:3)
  A gnoll (D:1)
  An ooze (D:2)
  An orc (D:3)
  16 bats
  6 giant cockroaches
  10 goblins
  11 hobgoblins
  8 jackals
  A quokka (D:2)
  10 frilled lizards
  7 kobolds
  9 rats
86 creatures vanquished.

Notes
Turn   | Place    | Note
-------+----------+-------------------------------------------
     0 | D:1      | oplop the Octopode Ice Elementalist began the quest for the Orb.
     0 | D:1      | Reached XP level 1. HP: 11/11 MP: 3/3
   596 | D:1      | Reached XP level 2. HP: 16/17 MP: 5/5
   967 | D:1      | Reached XP level 3. HP: 21/22 MP: 4/6
  1347 | D:2      | Reached skill level 1 in Fighting
  1697 | D:2      | Reached XP level 4. HP: 28/28 MP: 8/8
  2197 | D:3      | Learned a level 3 spell: Ozocubu's Armour
  2426 | D:3      | Reached skill level 4 in Ice Magic
  2714 | D:3      | Found a stormy altar of Qazlal.
  2715 | D:3      | Noticed a fire elemental
  2716 | D:3      | Noticed a water elemental
  2717 | D:3      | Noticed an earth elemental
  2717 | D:3      | Noticed an air elemental
  2810 | D:3      | Noticed Pawles22's ghost (amateur GnSk)
  2836 | D:4      | Noticed Natasha
  2924 | D:4      | Noticed Eustachio
  2987 | D:4      | Noticed Blork the orc
  3037 | D:3      | Reached XP level 5. HP: 7/33 MP: 2/9
  3340 | D:4      | Killed Blork the orc
  3349 | D:4      | Reached XP level 6. HP: 12/39 MP: 0/11
  3445 | D:4      | Found a sand-covered staircase.
  3455 | D:4      | Slain by a mummy

Vault maps used:
D:1:      saegor_arrival_under_anarchy
D:3:      nicolae_qazlal_style_of_elements
D:4:      nicolae_temple_entry_ecumenical, gup_ossuary_entry_pyramid,
          uniq_blork_the_orc, uniq_eustachio, uniq_natasha, uniq_ijyb

Skill      XL: |  1  2  3  4  5 |
---------------+----------------+-----
Fighting       | 1 |  1.8
Spellcasting   | 3 |  3.6
Ice Magic      | 4 |  4.6
Dodging        | 3 |  3.0
Stealth        | |  2.6
Conjurations   | |  1.0

Action                   |  1- 3 |  4- 6 || total
-------------------------+-------+-------++-------
Melee: Unarmed           |    80 |       ||    80
       Constrict         |    30 |    29 ||    59
       Tentacles         |    11 |    13 ||    24
       Dagger            |    14 |   138 ||   152
 Cast: Freeze            |    22 |    19 ||    41
       Ozocubu's Armour  |       |     3 ||     3
  Use: Potion            |       |     3 ||     3
 Stab: Sleeping          |    10 |    14 ||    24
  Eat: Chunk             |     2 |     4 ||     6
       Ration            |       |     1 ||     1
Armor: Skin              |    29 |    56 ||    85
Dodge: Dodged            |   113 |    87 ||   200

Table legend:
 A = Spawn XP
 B = Non-spawn XP
 C = Spawn XP percentage of total XP
 D = Spawn monster count
 E = Non-spawn monster count
 F = Spawn count percentage of total count
 G = Total turns spent on level
                    A         B        C        D         E        F      G
               +---------+---------+-------+---------+---------+-------+---------
         Total |       0 |     349 |   0.0 |       0 |      86 |   0.0 |  3455
               +---------+---------+-------+---------+---------+-------+---------
           D:1 |       0 |      51 |   0.0 |       0 |      23 |   0.0 |  1221
           D:2 |       0 |      48 |   0.0 |       0 |      28 |   0.0 |   971
           D:3 |       0 |     102 |   0.0 |       0 |      30 |   0.0 |  1065
           D:4 |       0 |     148 |   0.0 |       0 |       5 |   0.0 |   198
               +---------+---------+-------+---------+---------+-------+---------
